 Dungeon Crawl Stone Soup version 0.21.1-1-g345015f (webtiles) character file.

343 poirepourri the Ruffian (level 6, -5/48 HPs)
             Began as a Ghoul Gladiator on July 14, 2018.
             Slain by a killer bee (6 damage)
             ... on level 3 of the Dungeon.
             The game lasted 00:03:15 (2547 turns).

poirepourri the Ruffian (Ghoul Gladiator)           Turns: 2547, Time: 00:03:16

Health: -5/48      AC:  6    Str: 18    XL:     6   Next: 57%
Magic:  5/5        EV: 12    Int:  3    God:
Gold:   129        SH:  0    Dex: 12    Spells: 5/5 levels left

rFire    . . .     SeeInvis .     - Unarmed
rCold    + . .     Gourm    .   (no shield)
rNeg     + + +     Faith    .   a - +0 leather armour
rPois    ∞         Spirit   .   o - +2 helmet
rElec    .         Reflect  .   (no cloak)
rCorr    .         Harm     .   (no gloves)
MR       .....                  (no boots)
Stlth    +.........             (no amulet)
HPRegen  0.00/turn              (no ring)
MPRegen  0.09/turn              (no ring)

@: rotting
A: rotting body, claws 1, carnivore, cold resistance 1, negative energy
resistance 3, inhibited regeneration, torment resistance, unbreathing
a: no special abilities


You were on level 3 of the Dungeon.
You were not hungry.

You visited 1 branch of the dungeon, and saw 4 of its levels.

You collected 129 gold pieces.

Inventory:

Missiles
 c - 3 throwing nets (quivered)
Armour
 a - a +0 leather armour (worn)
 b - a +1 helmet
 o - a +2 helmet (worn)
 q - a +2 helmet
Jewellery
 h - an uncursed ring of ice
 n - an uncursed amulet of magic regeneration
Scrolls
 e - a scroll of identify
 j - 2 scrolls of enchant weapon
Potions
 f - a potion of mutation {unknown}
 g - 3 potions of haste
 i - a potion of curing {unknown}
 l - a potion of might {unknown}
 m - a potion of magic {unknown}
Comestibles
 d - 3 rations


   Skills:
 - Level 2.1 Fighting
 - Level 1.7 Throwing
 - Level 2.6 Dodging
 + Level 7.9 Unarmed Combat


You had 5 spell levels left.
You didn't know any spells.

Dungeon Overview and Level Annotations

Branches:
Dungeon (4/15)
 Temple: D:4-7

Altars:


Innate Abilities, Weirdness & Mutations

Your body is rotting away.
You thrive on raw meat.
You are immune to poison.
You have sharp fingernails.
You are carnivorous and can eat meat at any time.
Your flesh is cold resistant. (rC+)
You are immune to negative energy. (rN+++)
You do not regenerate when monsters are visible.
You are immune to unholy pain and torment.
You can survive without breathing.


Message History

You are too injured to fight recklessly!
You are too injured to fight recklessly!
You are too injured to fight recklessly!
You are too injured to fight recklessly!
You are too injured to fight recklessly!
You closely miss the killer bee. The killer bee stings you.
The killer bee stings you!
* * * LOW HITPOINT WARNING * * *
You barely miss the killer bee. The killer bee stings you.
* * * LOW HITPOINT WARNING * * *
You barely miss the killer bee. The killer bee closely misses you.
The killer bee stings you.
* * * LOW HITPOINT WARNING * * *
You scratch the killer bee.
The killer bee is lightly wounded.
The killer bee closely misses you.
You miss the killer bee.
The killer bee is lightly wounded.
The killer bee barely misses you. The killer bee stings you.
You die...

#.#.#####.....#...##.....#..#
#.#.(..###.#..##.###.....#..#
#.####.# #.#..##.# #.....#...
#.# #.# #.#..##.####...##.#.
#.####.###.#..##............#
#..........#..###.....######.
####...<......# #.###.#######
#.#.######.###.#.........#
#.#.# ##@#.##.#.#.#####.#
#.#.# #y###.........# #.#
#.#.# #..#.#....#.#.###.#
#.#.####.................#
#.#.........#....###.##...
#.######.#................
#.#..............###.##...
#..#.###.#.....#....[.....
##.###.##.#.#########.#####


You could see a killer bee.

Vanquished Creatures
  Sigmund (D:3)
  A jelly (D:3)
  The ghost of Mothsnok the Ducker, a weakling TrWr of Ashenzari (D:3)
  A hound skeleton (D:3)
  4 adders
  3 oozes
  3 worms
  A dart slug (D:3)
  3 leopard geckos
  2 orcs
  3 giant cockroaches
  13 goblins
  8 hobgoblins
  11 jackals
  3 kobolds
  A quokka (D:2)
  6 bats
  2 frilled lizards (D:2)
  5 rats
72 creatures vanquished.

Notes
Turn   | Place    | Note
-------+----------+-------------------------------------------
     0 | D:1      | poirepourri the Ghoul Gladiator began the quest for the Orb.
     0 | D:1      | Reached XP level 1. HP: 17/17 MP: 0/0
   376 | D:1      | Reached XP level 2. HP: 24/24 MP: 1/1
   442 | D:1      | Reached skill level 4 in Unarmed Combat
   583 | D:1      | Reached XP level 3. HP: 28/29 MP: 2/2
  1162 | D:2      | Reached skill level 5 in Unarmed Combat
  1285 | D:2      | Reached XP level 4. HP: 23/35 MP: 3/3
  1842 | D:3      | Noticed Sigmund
  1852 | D:3      | Killed Sigmund
  1852 | D:3      | Reached skill level 7 in Unarmed Combat
  1852 | D:3      | Reached XP level 5. HP: 23/41 MP: 4/4
  1852 | D:3      | Reached XP level 6. HP: 28/48 MP: 5/5
  1880 | D:3      | Noticed Mothsnok's ghost (weakling TrWr)
  1895 | D:3      | Killed Mothsnok's ghost
  2545 | D:3      | HP: 1/48 [killer bee (2)]
  2547 | D:3      | Slain by a killer bee

Skill      XL: |  1  2  3  4 |
---------------+-------------+-----
Unarmed Combat | 4 5 7 |  7.9
Fighting       | |  2.1
Throwing       | |  1.7
Dodging        | |  2.6

Action                   |  1- 3 |  4- 6 || total
-------------------------+-------+-------++-------
Melee: Unarmed           |   101 |   110 ||   211
       Punch             |     4 |     1 ||     5
  Use: Scroll            |       |     8 ||     8
  Eat: Chunk             |     8 |    16 ||    24
Armor: Leather armour    |    44 |    36 ||    80
Dodge: Dodged            |    97 |    97 ||   194
